[Event "Titled Tuesday Blitz August 15 Late 2023"]
[White "Vovk, Orest"]
[Black "Ardila, Oscar Humberto"]
[WhiteFideId "14113490"]
[BlackFideId "4404742"]
[WhiteElo "2570"]
[BlackElo "2278"]
[Result "1-0"]
[Round "4"]
[TimeControl "180+1"]
[Date "2023.08.15"]
[WhiteClock "0:01:01"]
[BlackClock "0:01:49"]
[Board "76"]

1. e4 e5 2. Nf3 Nf6 3. Nxe5 d6 4. Nf3 Nxe4 5. Qe2 Qe7 6. d3 Nf6 7. Qxe7+ Bxe7 8. Nc3 c6 9. Be2 O-O 10. O-O d5 11. Bf4 Nbd7 12. Rfe1 Bb4 13. a3 Ba5 14. b4 Bb6 15. Na4 Bd8 16. Bd6 Re8 17. Bf1 b5 18. Nc5 Nxc5 19. bxc5 Ba5 20. Rxe8+ Nxe8 21. Be5 f6 22. Bb2 Bg4 23. Nd4 Bd7 24. a4 b4 25. g3 Nc7 26. Nb3 Ne6 27. Nxa5 Nxc5 28. Nb3 Nb7 29. a5 c5 30. a6 Nd6 31. Nxc5 Rc8 32. Nxd7 Rxc2 33. Bd4 b3 34. Bxa7 Nb5 35. Be3 b2 36. Rb1 Nc3 37. a7 Nxb1 38. a8=Q+ Kf7 39. Qxd5+ Kg6 40. Nf8# 1-0


[Site "https://www.chess.com"]

[Event "Titled Tuesday Blitz August 15 Late 2023"]
[White "Sreyas Payyappat"]
[Black "BeautiFullMindChess"]
[WhiteFideId "46674969"]
[WhiteElo "2564"]
[BlackElo "2218"]
[Result "0-1"]
[Round "4"]
[TimeControl "180+1"]
[Date "2023.08.15"]
[WhiteClock "0:01:36"]
[BlackClock "0:01:44"]
[Board "77"]

1. e4 c5 2. Nf3 d6 3. d4 cxd4 4. Nxd4 Nf6 5. Nc3 Nc6 6. Bg5 g6 7. Bxf6 exf6 8. Nd5 Bg7 9. Bd3 Nxd4 10. O-O O-O 11. f4 f5 12. c3 fxe4 13. Bxe4 Nf5 14. Qb3 Be6 15. Rfe1 Re8 16. Qxb7 Rb8 17. Qxa7 Rxb2 18. Nc7 Re7 19. Nxe6 fxe6 20. Qa3 Qb6+ 21. Kh1 Ra7 0-1


[Site "https://www.chess.com"]

[Event "Titled Tuesday Blitz August 15 Late 2023"]
[White "Sarana, Alexey"]
[Black "De Souza, Cristiano Gomes"]
[WhiteFideId "24133795"]
[BlackFideId "2151758"]
[WhiteElo "3060"]
[BlackElo "2265"]
[Result "1-0"]
[Round "4"]
[TimeControl "180+1"]
[Date "2023.08.15"]
[WhiteClock "0:02:22"]
[BlackClock "0:00:21"]
[Board "78"]

1. d4 Nf6 2. c4 g6 3. Nc3 d6 4. e4 Bg7 5. Nf3 O-O 6. Be2 e5 7. Be3 Ng4 8. Bg5 f6 9. Bh4 Nd7 10. h3 Nh6 11. g4 exd4 12. Nxd4 Ne5 13. f4 Nc6 14. Nxc6 bxc6 15. Qd2 Nf7 16. O-O-O Bd7 17. Bd3 Qc8 18. Bf2 g5 19. f5 Ne5 20. Be2 Rf7 21. h4 h6 22. hxg5 fxg5 23. Rh2 Rb8 24. Rdh1 Rf6 25. Be3 Kf7 26. Bxg5 hxg5 27. Qxg5 Qg8 28. Rh7 Rf8 29. Qh5+ Ke7 30. g5 Rxf5 31. exf5 Bxf5 32. g6 Kd8 33. Qg5+ Kc8 34. Qe7 1-0


[Site "https://www.chess.com"]

[Event "Titled Tuesday Blitz August 15 Late 2023"]
[White "Kushko, Dmitriy"]
[Black "Reprintsev, Alexander"]
[WhiteFideId "14162261"]
[BlackFideId "14100541"]
[WhiteElo "2740"]
[BlackElo "2504"]
[Result "1-0"]
[Round "4"]
[TimeControl "180+1"]
[Date "2023.08.15"]
[WhiteClock "0:00:07"]
[BlackClock "0:00:06"]
[Board "79"]

1. Nf3 d5 2. g3 Nc6 3. d4 Bf5 4. Bg2 Nb4 5. Na3 e6 6. O-O h6 7. Ne5 Nf6 8. c3 Na6 9. f3 Be7 10. e4 Bh7 11. Re1 O-O 12. Nc2 c5 13. exd5 Nxd5 14. f4 Rc8 15. Ne3 Nxe3 16. Bxe3 cxd4 17. Bxd4 Nc5 18. Qe2 b6 19. Nc6 Qc7 20. Nxe7+ Qxe7 21. Rad1 Rfd8 22. Qe5 Qf8 23. Qe3 a5 24. Rd2 a4 25. Red1 Re8 26. Bf3 Qe7 27. h4 Qc7 28. h5 Qe7 29. Qe5 f6 30. Qe3 e5 31. fxe5 fxe5 32. Re2 e4 33. Bg4 Rcd8 34. Rf1 Nd3 35. Bxb6 Rb8 36. c4 Ne5 37. Bc5 Qg5 38. Qxg5 hxg5 39. Bf5 Bxf5 40. Rxf5 Nxc4 41. Rxg5 Rxb2 42. Rxb2 Nxb2 43. Bd4 Nd3 44. Rxg7+ Kf8 45. h6 e3 46. h7 Re5 47. h8=Q# 1-0


[Site "https://www.chess.com"]

[Event "Titled Tuesday Blitz August 15 Late 2023"]
[White "Schmakel, Sam"]
[Black "Castella Garcia, Fausto"]
[WhiteFideId "2039311"]
[BlackFideId "3501922"]
[WhiteElo "2731"]
[BlackElo "2498"]
[Result "0-1"]
[Round "4"]
[TimeControl "180+1"]
[Date "2023.08.15"]
[WhiteClock "0:00:01"]
[BlackClock "0:00:07"]
[Board "80"]

1. e4 c5 2. Nc3 Nc6 3. Bb5 Nd4 4. Nf3 Nxb5 5. Nxb5 d5 6. exd5 a6 7. Nc3 Nf6 8. d4 c4 9. Ne5 Nxd5 10. Qf3 Nf6 11. Bf4 e6 12. O-O-O Bb4 13. Nxc4 O-O 14. Be5 Bxc3 15. Qxc3 Nd5 16. Qg3 f6 17. Bf4 b5 18. Ne3 Nxf4 19. Qxf4 Bb7 20. d5 exd5 21. Nxd5 Qa5 22. a3 Rae8 23. Qd2 Qxd2+ 24. Rxd2 Re5 25. Rhd1 Rfe8 26. Ne3 f5 27. g3 Bf3 28. Rg1 R8e6 29. b3 g5 30. Kb2 Kf7 31. c4 f4 32. gxf4 gxf4 33. Nd5 bxc4 34. bxc4 Rc6 35. Nxf4 Rxc4 36. Nh3 Rb5+ 37. Ka1 Kf6 38. Re1 Rc3 39. Ra2 Bd5 40. Rb2 Rxa3+ 41. Kb1 Rxb2+ 42. Kxb2 Rxh3 0-1


[Site "https://www.chess.com"]

[Event "Titled Tuesday Blitz August 15 Late 2023"]
[White "NigelDwarf"]
[Black "Kuznetsov, Felix"]
[BlackFideId "34147990"]
[WhiteElo "2484"]
[BlackElo "2701"]
[Result "1-0"]
[Round "4"]
[TimeControl "180+1"]
[Date "2023.08.15"]
[WhiteClock "0:00:08"]
[BlackClock "0:00:00"]
[Board "81"]

1. Nf3 Nf6 2. c4 e6 3. Nc3 d5 4. e3 b6 5. cxd5 exd5 6. b3 Bb7 7. Bb2 Nbd7 8. g3 d4 9. exd4 Be7 10. Bg2 O-O 11. O-O Re8 12. Re1 Bf8 13. Qc2 g6 14. Rxe8 Nxe8 15. Re1 Bg7 16. Ba3 Nd6 17. Bxd6 cxd6 18. Ne4 Rc8 19. Qd3 Nf6 20. Nfg5 d5 21. Nxf6+ Qxf6 22. Nf3 Qd6 23. Ne5 Qa3 24. Qb5 Qd6 25. h4 a6 26. Qd3 Qa3 27. Nd7 Qd6 28. Bh3 Rd8 29. Ne5 b5 30. h5 Bc8 31. Bxc8 Rxc8 32. Qf3 Qf6 33. Qxd5 Qf5 34. hxg6 hxg6 35. Re3 Rc1+ 36. Kg2 Bxe5 37. Rxe5 Qf6 38. Re8+ Kg7 39. Qe5 Qxe5 40. dxe5 Rc2 41. d4 Rxa2 42. d5 Rb2 43. d6 Rd2 44. Re7 Kf8 45. Kf3 a5 46. Ke3 Rb2 47. Rb7 Rxb3+ 48. Ke4 Ke8 49. Kd5 Rb1 50. Re7+ Kf8 51. Ra7 1-0


[Site "https://www.chess.com"]

[Event "Titled Tuesday Blitz August 15 Late 2023"]
[White "Timmermans, Mark"]
[Black "Arencibia Monduy, Antonio"]
[WhiteFideId "1026399"]
[BlackFideId "3507939"]
[WhiteElo "2699"]
[BlackElo "2468"]
[Result "1-0"]
[Round "4"]
[TimeControl "180+1"]
[Date "2023.08.15"]
[WhiteClock "0:00:58"]
[BlackClock "0:00:00"]
[Board "82"]

1. e4 e6 2. d4 d5 3. Nd2 dxe4 4. Nxe4 Nd7 5. Nf3 Ngf6 6. Bd3 Be7 7. Nxf6+ Nxf6 8. O-O O-O 9. Qe2 b6 10. Bg5 Bb7 11. Rad1 h6 12. Bf4 Bd6 13. Be5 Qe7 14. Bxf6 Qxf6 15. Be4 Bxe4 16. Qxe4 c5 17. dxc5 Bxc5 18. c3 Rad8 19. Qb7 Qe7 20. Qxe7 Bxe7 21. Ne5 Rc8 22. Rd7 Bf6 23. Ng4 Rfd8 24. Nxf6+ gxf6 25. Rfd1 Rxd7 26. Rxd7 a5 27. Kf1 Rc5 28. Rb7 Rb5 29. b3 Rc5 30. c4 Rc6 31. Ke2 f5 32. f4 Kg7 33. Kd3 Kf6 34. Kc3 e5 35. fxe5+ Kxe5 36. Rxf7 Ke4 37. Re7+ Kf4 38. a3 Rg6 39. Re2 h5 40. b4 axb4+ 41. axb4 h4 42. c5 bxc5 43. bxc5 h3 44. gxh3 Kf3 45. Re5 f4 46. Kd4 Rh6 47. Rf5 Rxh3 48. Ke5 Rh4 49. c6 Ke3 50. c7 Rh8 51. Kd6 f3 52. Kd7 Rh7+ 53. Kc6 Rh8 54. Kb7 Rh7 55. Kb8 Rxc7 56. Kxc7 f2 57. h4 1-0


[Site "https://www.chess.com"]

[Event "Titled Tuesday Blitz August 15 Late 2023"]
[White "Gubajdullin, Alexei"]
[Black "Dinu, Dumitru-Daniel"]
[WhiteFideId "4141202"]
[BlackFideId "1208403"]
[WhiteElo "2698"]
[BlackElo "2483"]
[Result "1-0"]
[Round "4"]
[TimeControl "180+1"]
[Date "2023.08.15"]
[WhiteClock "0:00:51"]
[BlackClock "0:00:37"]
[Board "83"]

1. d4 d5 2. Nf3 Nf6 3. Bf4 e6 4. Nbd2 c5 5. e3 Nc6 6. c3 cxd4 7. exd4 Bd6 8. Bxd6 Qxd6 9. Be2 O-O 10. O-O a6 11. a4 Rb8 12. a5 Qc7 13. Qa4 Bd7 14. Qa3 Rfc8 15. Rfc1 Ne4 16. b4 Qf4 17. Nb3 Na7 18. Nc5 Nxc5 19. bxc5 Bb5 20. Qb2 Bxe2 21. Qxe2 Nc6 22. Rcb1 Qc7 23. Rb6 Re8 24. Qa2 Red8 25. Rab1 h6 26. g3 e5 27. dxe5 Nxe5 28. Nxe5 Qxe5 29. Qd2 Rbc8 30. Qd4 Qe7 31. Rxb7 Qxc5 32. Qf4 f6 33. Rxg7+ Kxg7 34. Rb7+ Rd7 35. Rxd7+ Kg8 36. Qg4+ 1-0


[Site "https://www.chess.com"]

[Event "Titled Tuesday Blitz August 15 Late 2023"]
[White "Papp, Levente"]
[Black "Baches Garcia, Guillermo"]
[WhiteFideId "751243"]
[BlackFideId "2209764"]
[WhiteElo "2670"]
[BlackElo "2466"]
[Result "1-0"]
[Round "4"]
[TimeControl "180+1"]
[Date "2023.08.15"]
[WhiteClock "0:00:32"]
[BlackClock "0:00:30"]
[Board "84"]

1. e4 c5 2. Nf3 d6 3. d4 cxd4 4. Nxd4 Nf6 5. Nc3 Nc6 6. Bc4 Bd7 7. O-O g6 8. Bg5 Bg7 9. Nxc6 Bxc6 10. Nd5 Bxd5 11. exd5 O-O 12. c3 Qd7 13. Re1 b5 14. Bb3 Rfc8 15. Qe2 Rc7 16. a4 Rb8 17. a5 a6 18. Be3 Rcb7 19. Bb6 Kf8 20. c4 Rxb6 21. axb6 Rxb6 22. cxb5 Qxb5 23. Qxe7+ Kg8 24. Qd8+ Bf8 25. Qxf6 Qxb3 26. Re8 Qxb2 27. Qxb2 Rxb2 28. g3 Rb6 29. Rc1 1-0


[Site "https://www.chess.com"]

[Event "Titled Tuesday Blitz August 15 Late 2023"]
[White "Goltsev, Dmitry"]
[Black "Ankerst, Mihael"]
[WhiteFideId "24176710"]
[BlackFideId "14602369"]
[WhiteElo "2644"]
[BlackElo "2462"]
[Result "1-0"]
[Round "4"]
[TimeControl "180+1"]
[Date "2023.08.15"]
[WhiteClock "0:00:06"]
[BlackClock "0:00:19"]
[Board "85"]

1. d4 Nf6 2. Bf4 b6 3. Nf3 Bb7 4. c4 e6 5. a3 c5 6. Nc3 cxd4 7. Nb5 d6 8. Qxd4 e5 9. Nxe5 a6 10. Nxf7 Kxf7 11. Nxd6+ Bxd6 12. Bxd6 Nc6 13. Qf4 Re8 14. O-O-O Qc8 15. f3 Na5 16. e3 b5 17. c5 Qe6 18. e4 Kg8 19. Kb1 Rac8 20. Bd3 Nd7 21. e5 g6 22. Rhe1 Nb3 23. Bc2 Nbxc5 24. Qe3 Bd5 25. b4 Na4 26. Rxd5 Qxd5 27. Bb3 Rc4 28. Rd1 Qe6 29. Qd3 Nab6 30. f4 Nb8 31. g4 Nc6 32. f5 gxf5 33. gxf5 Qf7 34. Rg1+ Kh8 35. Qg3 Rg8 36. Qf2 Nd4 37. Bxc4 Qxc4 38. Rxg8+ Kxg8 39. e6 Kh8 40. Be5+ Kg8 41. Qg3+ Kf8 42. Qg7+ Ke8 43. Qf7+ Kd8 44. Qf8# 1-0


[Site "https://www.chess.com"]

[Event "Titled Tuesday Blitz August 15 Late 2023"]
[White "Di Nicolantonio, Lucas"]
[Black "Gurevich, Dmitry"]
[WhiteFideId "680460"]
[BlackFideId "2000407"]
[WhiteElo "2631"]
[BlackElo "2457"]
[Result "0-1"]
[Round "4"]
[TimeControl "180+1"]
[Date "2023.08.15"]
[WhiteClock "0:00:00"]
[BlackClock "0:00:18"]
[Board "86"]

1. Nf3 d5 2. e3 c5 3. b3 a6 4. Bb2 Nc6 5. Be2 d4 6. O-O g6 7. exd4 Bg7 8. Re1 Nh6 9. Na3 Nf5 10. Nc4 Ncxd4 11. Nxd4 Nxd4 12. Bd3 O-O 13. Ne5 Be6 14. f4 Qc7 15. c3 Nf5 16. Be4 Rac8 17. Qf3 Nd6 18. Bc2 Rfd8 19. Rad1 c4 20. Ba3 Nb5 21. Bb2 Nd6 22. d3 cxb3 23. axb3 Bxb3 24. Bxb3 Qb6+ 25. Qf2 Qxb3 26. c4 e6 27. Bd4 Nf5 28. Bb6 Bxe5 29. fxe5 Rxd3 30. Rb1 Qxc4 31. h3 h5 32. Ba5 b5 33. Kh2 h4 34. Bd2 Qd5 35. Bg5 Rcc3 36. Rb4 Rd4 37. Rxd4 Qxd4 38. Qe2 Qd3 39. Qg4 Qg3+ 40. Qxg3 hxg3+ 41. Kg1 b4 42. Rd1 Kh7 43. Kf1 b3 44. Rd7 b2 45. Rxf7+ Kg8 46. Rb7 Rc1+ 0-1


[Site "https://www.chess.com"]

[Event "Titled Tuesday Blitz August 15 Late 2023"]
[White "Santos, Marcus Vinicius Moreira"]
[Black "Papayan, Oleg"]
[WhiteFideId "2103125"]
[BlackFideId "4193911"]
[WhiteElo "2449"]
[BlackElo "2627"]
[Result "1/2-1/2"]
[Round "4"]
[TimeControl "180+1"]
[Date "2023.08.15"]
[WhiteClock "0:00:07"]
[BlackClock "0:00:10"]
[Board "87"]

1. d4 Nf6 2. Nc3 d5 3. Bf4 c5 4. e4 Nxe4 5. Nxe4 dxe4 6. dxc5 Qxd1+ 7. Rxd1 Nc6 8. Bb5 f6 9. Ne2 e5 10. Be3 Bg4 11. h3 Bh5 12. g4 Bg6 13. Nc3 Rd8 14. Ke2 h5 15. Rxd8+ Kxd8 16. Rd1+ Kc8 17. Nd5 hxg4 18. hxg4 Rh4 19. Rg1 Nd4+ 20. Bxd4 exd4 21. b4 Rh2 22. Rd1 e3 23. Rxd4 exf2 24. Bd3 Bxd3+ 25. Rxd3 f1=Q+ 26. Kxf1 Rxc2 27. a3 Rc4 28. Ne3 Rc1+ 29. Kg2 b6 30. cxb6 axb6 31. Nd5 Kb7 32. Kf3 Rc4 33. Ne3 Rc7 34. Nf5 g6 35. Ne3 Kc6 36. a4 Ra7 37. b5+ Kc5 38. Rd5+ Kb4 39. Rd8 Bc5 40. Nd5+ Kxa4 41. Nxf6 Kxb5 42. Rg8 Ra3+ 43. Kf4 Kc4 44. Rxg6 b5 45. Ne4 b4 46. Rc6 Ra5 47. Rxc5+ Rxc5 48. Nxc5 Kxc5 49. g5 b3 50. g6 b2 51. g7 b1=Q 52. g8=Q Qf1+ 53. Ke5 Qe2+ 54. Kf6 Qf3+ 55. Kg7 Qg4+ 56. Kh8 Qh5+ 57. Qh7 Qe5+ 58. Qg7 Qe8+ 59. Qg8 Qh5+ 60. Qh7 Qxh7+ 61. Kxh7 1/2-1/2


[Site "https://www.chess.com"]

[Event "Titled Tuesday Blitz August 15 Late 2023"]
[White "Nefedov, Sergey"]
[Black "Romero Ruscalleda, Josep"]
[WhiteFideId "24113417"]
[BlackFideId "2231859"]
[WhiteElo "2620"]
[BlackElo "2446"]
[Result "1-0"]
[Round "4"]
[TimeControl "180+1"]
[Date "2023.08.15"]
[WhiteClock "0:00:53"]
[BlackClock "0:00:03"]
[Board "88"]

1. e4 g6 2. d4 Bg7 3. Nc3 d6 4. Be3 a6 5. Qd2 b5 6. f3 Bb7 7. Nge2 Nd7 8. h4 h5 9. O-O-O Rc8 10. Kb1 c5 11. dxc5 Nxc5 12. Bd4 Nf6 13. e5 dxe5 14. Bxe5 Qxd2 15. Rxd2 O-O 16. Nc1 Rfd8 17. Rxd8+ Rxd8 18. Nd3 Ncd7 19. Bc7 Rc8 20. Bg3 Nd5 21. Nxd5 Bxd5 22. Be2 Bc4 23. Rd1 Nc5 24. b3 Bxd3 25. Bxd3 Rd8 26. Be2 Rxd1+ 27. Bxd1 e5 28. Be2 Kf8 29. Bf2 Ne6 30. a4 bxa4 31. bxa4 Nd4 32. Bxa6 Ke7 33. c3 Nc6 34. Bb5 Kd6 35. Kc2 Bf6 36. Kd3 Bd8 37. Bc4 f5 38. Bf7 Ne7 39. Kc4 Kc6 40. Be8+ Kd6 41. Bc5+ Kc7 42. a5 Nc8 43. Bxg6 Bxh4 44. Bxf5 Bg3 45. a6 Kb8 46. Bxc8 Kxc8 47. Bd6 h4 48. Kd5 e4 49. Bxg3 exf3 50. Bxh4 fxg2 51. Bf2 Kb8 52. Ke4 Kc7 53. Kf3 Kb8 54. Kxg2 Ka8 55. c4 Kb8 56. Bb6 Ka8 57. c5 Kb8 58. c6 Ka8 59. Kf3 Kb8 60. Ke4 Ka8 61. Kd5 Kb8 62. Kd6 Ka8 63. Kd7 Kb8 64. Ba5 Ka8 65. c7 Ka7 66. Bd2 1-0


[Site "https://www.chess.com"]

[Event "Titled Tuesday Blitz August 15 Late 2023"]
[White "Nasir, Zehn"]
[Black "Manukian, Artak"]
[WhiteFideId "2613239"]
[BlackFideId "13301373"]
[WhiteElo "2617"]
[BlackElo "2435"]
[Result "1/2-1/2"]
[Round "4"]
[TimeControl "180+1"]
[Date "2023.08.15"]
[WhiteClock "0:00:20"]
[BlackClock "0:01:25"]
[Board "89"]

1. d4 Nf6 2. Bf4 c5 3. e3 d5 4. Nc3 a6 5. Nf3 Bg4 6. Be2 e6 7. O-O Nc6 8. Ne5 Bxe2 9. Nxe2 Nxe5 10. Bxe5 Bd6 11. c4 dxc4 12. Qc2 b5 13. a4 Bxe5 14. dxe5 Nd7 15. Rfd1 Qc7 16. axb5 Nxe5 17. bxa6 O-O 18. h3 Qb6 19. f4 Nd3 20. Rdb1 Rxa6 21. Qxc4 Rxa1 22. Rxa1 Qxb2 23. Ra2 Qb1+ 24. Kh2 Nf2 25. Ng1 Ne4 26. Rc2 Qb4 27. Qxb4 cxb4 28. Rc4 Rb8 29. Rxe4 b3 30. Ne2 b2 31. Nc3 b1=Q 32. Nxb1 Rxb1 33. Ra4 h5 34. e4 g6 1/2-1/2


[Site "https://www.chess.com"]

[Event "Titled Tuesday Blitz August 15 Late 2023"]
[White "Vlassov, Nikolai"]
[Black "MrAnnihilation"]
[WhiteFideId "4103360"]
[WhiteElo "2601"]
[BlackElo "2432"]
[Result "0-1"]
[Round "4"]
[TimeControl "180+1"]
[Date "2023.08.15"]
[WhiteClock "0:00:07"]
[BlackClock "0:00:10"]
[Board "90"]

1. e4 d6 2. f4 g6 3. Nc3 Bg7 4. Nf3 e6 5. d4 Ne7 6. Be3 Nd7 7. Qd2 a6 8. O-O-O b5 9. h4 h5 10. Ng5 Nf6 11. Be2 b4 12. Na4 Bb7 13. Bf3 a5 14. e5 Nfd5 15. c4 bxc3 16. bxc3 Qd7 17. Nb2 Rb8 18. a3 Nxe3 19. Qxe3 Bxf3 20. Qxf3 Qb5 21. Rd2 Qb3 22. c4 Qa2 23. Qd3 Rb3 24. Qb1 Qxa3 25. Rh3 a4 26. Rxb3 axb3 27. Kd1 O-O 28. Nd3 Nf5 29. Nc1 Rb8 30. Rd3 Qa4 31. Ke2 Qxc4 32. Qb2 c5 33. Kf2 cxd4 34. Rxb3 Rxb3 35. Nxb3 dxe5 36. fxe5 Bxe5 37. Nd2 Qd3 38. Ndf3 Qe3+ 39. Kf1 d3 40. Qf2 Ng3+ 41. Kg1 Bf4 42. Qxe3 Bxe3+ 43. Kh2 Nf5 44. Ne4 Kg7 45. Kh3 f6 46. g4 hxg4+ 47. Kxg4 e5 48. h5 Nd4 49. Nfd2 f5+ 50. Kg3 fxe4 51. Nxe4 Bf4+ 52. Kg4 d2 53. Nf2 gxh5+ 54. Kxh5 Ne2 55. Nd1 Kf6 56. Kg4 Ke6 57. Kf3 Nd4+ 58. Ke4 Kd6 59. Nc3 Kc5 60. Kd3 Kb4 61. Nd1 Kb3 62. Nf2 Bg3 63. Nd1 Be1 64. Ne3 Kb2 65. Nc4+ Kc1 66. Nxd2 Bxd2 67. Ke4 Bf4 68. Kd5 Kb2 69. Ke4 Kc2 70. Kd5 Kd3 0-1


[Site "https://www.chess.com"]

[Event "Titled Tuesday Blitz August 15 Late 2023"]
[White "The_Straightforward_Rook"]
[Black "Ibadov, Dashgyn"]
[BlackFideId "24107514"]
[WhiteElo "2431"]
[BlackElo "2597"]
[Result "0-1"]
[Round "4"]
[TimeControl "180+1"]
[Date "2023.08.15"]
[WhiteClock "0:00:36"]
[BlackClock "0:00:07"]
[Board "91"]

1. d4 Nf6 2. c4 c5 3. d5 d6 4. Nc3 g6 5. e4 Bg7 6. h4 h6 7. Bd3 e6 8. Nge2 O-O 9. Ng3 exd5 10. exd5 Re8+ 11. Kf1 Nbd7 12. h5 g5 13. Nf5 Ne5 14. Nxg7 Kxg7 15. f3 Nxd3 16. Qxd3 Qd7 17. Kf2 Qf5 18. Qxf5 Bxf5 19. g4 Bd3 20. b3 a6 21. Rd1 Bc2 22. Rd2 Bh7 23. Bb2 Kf8 24. a4 Nd7 25. Re1 Rxe1 26. Kxe1 Ne5 27. Kf2 Re8 28. Kg3 Ke7 29. Re2 Kd7 30. Ne4 Bxe4 31. Rxe4 f6 32. Bxe5 fxe5 33. Re2 Rf8 34. Kf2 Rf4 35. Re4 Kc7 36. Rxf4 exf4 37. Ke2 Kb6 38. Kd3 Ka5 39. Ke4 Kb4 40. Kf5 Kxb3 41. Kg6 Kxc4 42. Kxh6 b5 43. axb5 axb5 44. Kxg5 b4 45. h6 b3 46. h7 b2 47. h8=Q b1=Q 48. Qg8 Qd3 49. Kxf4 Qd4+ 50. Kg5 Qe5+ 51. Kh4 Kd4 52. Qe6 c4 53. g5 Qf4+ 54. Qg4 Qxg4+ 55. Kxg4 c3 56. Kf5 c2 57. g6 c1=Q 58. Kf6 Qf4+ 59. Ke7 Kxd5 60. g7 Qg5+ 61. Kf8 Qf6+ 62. Kg8 Ke6 63. Kh7 Qh4+ 64. Kg8 Kf6 65. Kf8 Qh6 66. Ke8 Qxg7 67. Kd8 d5 68. Kc8 Ke6 69. f4 Kd6 70. f5 Qc7# 0-1


[Site "https://www.chess.com"]

[Event "Titled Tuesday Blitz August 15 Late 2023"]
[White "Sargsyan, Anna M."]
[Black "Kielinkei"]
[WhiteFideId "13308130"]
[WhiteElo "2575"]
[BlackElo "2412"]
[Result "1-0"]
[Round "4"]
[TimeControl "180+1"]
[Date "2023.08.15"]
[WhiteClock "0:01:03"]
[BlackClock "0:00:02"]
[Board "92"]

1. e4 c5 2. Nf3 e6 3. d4 cxd4 4. Nxd4 Nc6 5. Nc3 Qc7 6. Be3 a6 7. Be2 Nf6 8. Nxc6 bxc6 9. O-O Rb8 10. Rb1 d5 11. f4 dxe4 12. Bd4 Be7 13. Kh1 Qd8 14. Be5 Qxd1 15. Rfxd1 Ra8 16. Bxf6 Bxf6 17. Nxe4 Ke7 18. Nc5 a5 19. Bf3 Rb8 20. b3 Rb6 21. Na4 Ra6 22. c4 Rd8 23. g4 g5 24. fxg5 Bxg5 25. Rxd8 Kxd8 26. Rd1+ Ke7 27. Kg2 e5 28. h3 Be6 29. Be4 h6 30. Kf3 Bf4 31. h4 f6 32. Bf5 Ra7 33. Nc5 Bf7 34. h5 Be8 35. Na4 Rc7 36. c5 Rb7 37. Rd6 e4+ 38. Kxf4 1-0


[Site "https://www.chess.com"]

[Event "Titled Tuesday Blitz August 15 Late 2023"]
[White "Khater, Sherif"]
[Black "Figorito, Nick"]
[WhiteFideId "2034280"]
[BlackFideId "30923689"]
[WhiteElo "2561"]
[BlackElo "2407"]
[Result "1-0"]
[Round "4"]
[TimeControl "180+1"]
[Date "2023.08.15"]
[WhiteClock "0:02:29"]
[BlackClock "0:01:02"]
[Board "93"]

1. e4 e6 2. g3 d5 3. Bg2 d4 4. d3 c5 5. Ne2 Nc6 6. O-O e5 7. f4 Bg4 8. h3 Bxe2 9. Qxe2 Qd7 10. fxe5 Nxe5 11. Qh5 Bd6 12. Na3 g6 13. Qe2 O-O-O 14. Bf4 f6 15. b3 g5 16. Bxe5 Bxe5 17. Nc4 Bxg3 18. e5 Bxe5 19. Nxe5 fxe5 20. Qxe5 Ne7 21. Rf7 Nc6 22. Qg7 Qe8 23. Rc7+ Kb8 24. Rxb7+ Ka8 25. Rxa7+ Kb8 26. Qc7# 1-0


[Site "https://www.chess.com"]

[Event "Titled Tuesday Blitz August 15 Late 2023"]
[White "maksimys18"]
[Black "Silva Lucena, Cristian"]
[BlackFideId "2232588"]
[WhiteElo "2556"]
[BlackElo "2380"]
[Result "1-0"]
[Round "4"]
[TimeControl "180+1"]
[Date "2023.08.15"]
[WhiteClock "0:02:27"]
[BlackClock "0:01:58"]
[Board "94"]

1. d4 d5 2. Nf3 e6 3. c4 dxc4 4. Nc3 a6 5. a4 Bb4 6. Bg5 Be7 7. Bxe7 Qxe7 8. e4 c5 9. d5 exd5 10. Nxd5 Qxe4+ 11. Be2 Kf8 12. Nb6 Nc6 13. Nxa8 Nge7 14. O-O h5 15. Nb6 Be6 16. Rc1 Na5 17. Qd8# 1-0


[Site "https://www.chess.com"]

[Event "Titled Tuesday Blitz August 15 Late 2023"]
[White "Bryant, Todd"]
[Black "Hajiyev, Kanan"]
[WhiteFideId "2031299"]
[BlackFideId "13404148"]
[WhiteElo "2372"]
[BlackElo "2554"]
[Result "0-1"]
[Round "4"]
[TimeControl "180+1"]
[Date "2023.08.15"]
[WhiteClock "0:00:04"]
[BlackClock "0:00:33"]
[Board "95"]

1. e4 c6 2. d4 d5 3. f3 a6 4. Nc3 b5 5. Be3 b4 6. Nce2 dxe4 7. fxe4 Nf6 8. Ng3 Ng4 9. Bf4 e5 10. dxe5 Qxd1+ 11. Rxd1 Nd7 12. Nf3 Bc5 13. Rd2 O-O 14. h3 Ne3 15. Nf5 Nxf1 16. Rxf1 Re8 17. Nd6 Bxd6 18. Rxd6 f6 19. Rxc6 fxe5 20. Bg5 h6 21. Bh4 a5 22. Rc7 g5 23. Bg3 Ra6 24. Nxe5 Nxe5 25. Bxe5 Rxe5 26. Rxc8+ Kg7 27. Rc7+ Kg6 28. Rff7 Rxe4+ 29. Kf2 Rae6 30. Kg3 Re3+ 31. Kh2 Re2 32. Rg7+ Kh5 33. Kg1 Re1+ 34. Kf2 R6e2+ 35. Kf3 Re3+ 36. Kf2 R1e2+ 37. Kf1 Rd2 38. Rc6 Rde2 39. g4+ Kh4 40. Rxh6+ Kg3 41. Rf7 Re1# 0-1


[Site "https://www.chess.com"]

[Event "Titled Tuesday Blitz August 15 Late 2023"]
[White "Postlmayer, Jakob"]
[Black "Bullen, Alex"]
[WhiteFideId "1643622"]
[BlackFideId "1801627"]
[WhiteElo "2547"]
[BlackElo "2318"]
[Result "1-0"]
[Round "4"]
[TimeControl "180+1"]
[Date "2023.08.15"]
[WhiteClock "0:00:59"]
[BlackClock "0:00:00"]
[Board "96"]

1. Nf3 d5 2. g3 Nf6 3. Bg2 Bf5 4. c4 c6 5. Qb3 Qb6 6. d3 dxc4 7. Qxc4 e6 8. O-O Nbd7 9. Qc2 Be7 10. Nc3 O-O 11. e4 Bg6 12. Be3 Qc7 13. h3 Rfd8 14. Rad1 a6 15. d4 e5 16. dxe5 Nxe5 17. Nxe5 Qxe5 18. f4 Qc7 19. Rxd8+ Rxd8 20. f5 Qxg3 21. Bf4 Bc5+ 22. Kh1 Qh4 23. fxg6 hxg6 24. Bh2 Nh5 25. Qb3 Rd7 26. Ne2 b5 27. Qf3 Nf6 28. e5 Nd5 29. Bg3 Qe7 30. Rd1 Ne3 31. Rxd7 Qxd7 32. Bf2 Nf5 33. Bxc5 Nh4 34. Qf2 Qd1+ 35. Ng1 Qd5 36. Bxd5 1-0


[Site "https://www.chess.com"]

[Event "Titled Tuesday Blitz August 15 Late 2023"]
[White "D`Arruda, Ricardo D."]
[Black "Jahnz, Fabian"]
[WhiteFideId "100692"]
[BlackFideId "4653300"]
[WhiteElo "2532"]
[BlackElo "2352"]
[Result "1-0"]
[Round "4"]
[TimeControl "180+1"]
[Date "2023.08.15"]
[WhiteClock "0:01:28"]
[BlackClock "0:00:14"]
[Board "97"]

1. d4 d5 2. Nf3 Bf5 3. c4 e6 4. e3 c6 5. Nc3 Nf6 6. Bd3 Bxd3 7. Qxd3 Nbd7 8. O-O Be7 9. e4 dxe4 10. Nxe4 Nxe4 11. Qxe4 O-O 12. Bf4 Nf6 13. Qe2 Bd6 14. Bg5 h6 15. Bh4 Be7 16. Rad1 Qa5 17. a3 Rad8 18. h3 Rfe8 19. Rfe1 c5 20. dxc5 Rxd1 21. Rxd1 Qxc5 22. Ne5 Rd8 23. Rxd8+ Bxd8 24. b4 Qd6 25. Bg3 Qe7 26. Qd3 Bc7 27. c5 Nd5 28. Nc4 Bxg3 29. Qxg3 Qd8 30. Nd6 b6 31. c6 Qc7 32. b5 a6 33. Ne8 Qxg3 34. fxg3 axb5 35. c7 Ne7 36. Nd6 Kf8 37. c8=Q+ Nxc8 38. Nxc8 b4 39. axb4 b5 40. Nd6 Ke7 41. Nxb5 Kd7 42. Kf2 Kc6 43. Nc3 f5 44. g4 g6 45. gxf5 exf5 46. Ke3 g5 47. Kd4 h5 48. Ke5 f4 49. Kf5 1-0


[Site "https://www.chess.com"]